cohdb
Replays
Latest Replays
All Replays
Popular Replays
Top Player Replays
Match Explorer
How It Works
Community
CoH3 Stats
Reddit
Sign in to upload your games and track your stats! →
Sign in with Steam
Match 41477841
Unlisted
Match 41477841
Overview
Messages
Build Orders
End
Kradschützen Motorcycle Team
Panzerpioneer Squad
250 Light Carrier
Construct Light Support Kompanie
Panzerpioneer Squad
Panzerjäger Squad
Combat Half-tracks
Selects Italian Combined Arms Battlegroup
Construct Mechanized Kompanie
Support Armor Elements
Panzerjäger Mechanized Group
Selects Semovente da 75/18 Assault Gun
Selects Carro Armato M13/40 Light Tank
Carro Armato M13/40 Light Tank
Emergency Repair Kits
Carro Armato M13/40 Light Tank
Nikname2303
Null
0
0
Comments
sign in to comment!
No comments posted yet!